 Dungeon Crawl Stone Soup version 0.29.1-2-gbd0b4ee654 (webtiles) character file.

Game seed: 11455908720087530061

79 raph the Grave Robber (level 4, 0/29 (30) HPs)
             Began as a Human Necromancer on Nov 30, 2022.
             Killed from afar by an orc wizard (9 damage)
             ... with a puff of flame
             ... on level 3 of the Dungeon.
             The game lasted 00:03:15 (2332 turns).

raph the Grave Robber (Human Necromancer)           Turns: 2332, Time: 00:03:15

HP:   0/29 (30)     AC:  3    Str:  8    XL:     4   Next: 64%
MP:   4/7           EV: 12    Int: 17    God:
Gold: 97            SH:  0    Dex: 20    Spells: 3/7 levels left

rFire   . . .      SeeInvis .   c - +0 spear
rCold   . . .      Faith    .   (no shield)
rNeg    . . .      Spirit   .   a - +0 robe
rPois   .          Reflect  .   l - +0 helmet
rElec   .          Harm     .   (no cloak)
rCorr   .          Rampage  .   (no gloves)
Will    .....                   (no boots)
Stlth   ++........              (no amulet)
HPRegen 0.09/turn               h - +6 ring of dexterity
MPRegen 0.10/turn               (no ring)

@: lightly drained
A: no striking features
a: no special abilities


You were on level 3 of the Dungeon.
You visited 1 branch of the dungeon, and saw 3 of its levels.

You collected 97 gold pieces.

Inventory:

Hand Weapons
 c - a +0 spear (weapon)
Missiles
 o - 3 curare-tipped darts
 q - 4 poisoned darts
Armour
 a - a +0 robe (worn)
 l - a +0 helmet (worn)
Jewellery
 h - a +6 ring of dexterity (left hand)
Wands
 r - a wand of roots (5)
Scrolls
 f - a scroll of summoning
 g - a scroll of fear {unknown}
 j - 2 scrolls of teleportation {unknown}
 n - a scroll of enchant armour {unknown}
 s - a scroll of identify {unknown}
 t - a scroll of magic mapping {unknown}
Potions
 d - a potion of might {unknown}
 e - a potion of heal wounds {unknown}
 i - a potion of degeneration {unknown}
 k - a potion of ambrosia {unknown}
 m - a potion of attraction {unknown}
 p - a potion of invisibility {unknown}


   Skills:
 - Level 2.0 Dodging
 - Level 2.0 Stealth
 - Level 2.0 Spellcasting
 + Level 5.7 Necromancy


You had 3 spell levels left.
You knew the following spells:

 Your Spells              Type           Power      Damage    Failure   Level
a - Necrotise             Necr           84%        1d8       1%          1
b - Vampiric Draining     Necr           21%        2d7       5%          3

Your spell library contained the following spells:

 Spells                   Type           Power      Damage    Failure   Level
 Animate Dead             Necr           21%        N/A       19%         4
 Agony                    Necr           21%        N/A       45%         5


Dungeon Overview and Level Annotations

Branches:
Dungeon (3/15)

Altars:


Message History

Aim: an orc, wielding a +1 mace of draining and wearing a +0 ring mail (ally target)
You draw life force from the orc!
You kill the orc!
You feel life coursing into your body.
You feel sick.
Your adder closely misses something.
Your adder barely misses something.
The dart slug launches a dart at you. The slug dart misses your adder.
The slug dart misses you. Something hits your adder.
You feel sick.
Found 3 stones.
You feel sick.
You are no longer poisoned.
Something hits you but does no damage.
A magic dart appears from out of thin air!
The magic dart hits you.
* * * LOW HITPOINT WARNING * * *
A puff of flame appears from out of thin air!
The puff of flame hits your frilled lizard!
Your frilled lizard dies!
Your frilled lizard's corpse dissolves into shadows!
A puff of flame appears from out of thin air!
The puff of flame hits your adder!
You see here 3 stones.
Found 4 stones.
An endoplasm comes into view.
Found a scroll labelled TIARAKY KUTANE and a book of Blood.
An orc wizard appears from thin air!
Reactivating autopickup.
The orc wizard points at you and mumbles some strange words.
The puff of flame hits something!
The endoplasm attacks as you move away! The endoplasm barely misses you.
The endoplasm closely misses your adder.
A magic dart appears from out of thin air!
The magic dart hits your adder!
Your adder dies!
Your adder's corpse dissolves into shadows!
There is a stone staircase leading up here.
An orc wizard appears from thin air!
The orc wizard gestures at you while chanting.
The puff of flame hits you!
You die...

#........#########
#................########
#.........######..<.....#
#..............########.#
#........#.....
#............... ...# ...
#...<....#.##........##.....
#........#..####........#...
####...####@.###.......##...
#......J.......#..........
#..##.....................
#....o............#...#.##
###o#.#.......##.####.....
#.#....>................
#.###.......###......###
#.###................###
####..############.........


You could see 2 orc wizards and an endoplasm.

Vanquished Creatures
  2 adders
  2 dart slugs
  2 orcs (D:3)
  7 ball pythons
  6 endoplasms
  A giant cockroach (D:1)
  5 goblins
  4 hobgoblins
  3 jackals (D:2)
  3 kobolds
  2 quokkas (D:2)
  6 bats
  4 frilled lizards
  3 rats
50 creatures vanquished.

Vanquished Creatures (collateral kills)
  A frilled lizard (D:1)
  A rat (D:1)
2 creatures vanquished.

Grand Total: 52 creatures vanquished

Notes
Turn   | Place    | Note
-------+----------+-------------------------------------------
     0 | D:1      | raph the Human Necromancer began the quest for the Orb.
     0 | D:1      | Reached XP level 1. HP: 13/13 MP: 3/3
   245 | D:1      | Reached XP level 2. HP: 19/19 MP: 1/5
   551 | D:1      | Reached XP level 3. HP: 22/24 MP: 1/6
   555 | D:1      | Learned a level 3 spell: Vampiric Draining
   886 | D:1      | Reached skill level 5 in Necromancy
  1685 | D:2      | Reached XP level 4. HP: 30/30 MP: 2/7
  2332 | D:3      | Killed from afar by an orc wizard

Illustrated notes

Levels and vault maps discovered:
D:1:      lightli_arrival_maybe_door_vault, layout_rooms
D:2:      layout_basic
D:3:      layout_rooms, lemuel_zombie_altar_yredelemnul

Skill      XL: |  1  2  3 |
---------------+----------+-----
Necromancy     | 5 |  5.7
Dodging        | |  2.0
Stealth        | |  2.0
Spellcasting   | |  2.0

Action                   |  1- 3 |  4- 6 || total
-------------------------+-------+-------++-------
Melee: Spear             |    14 |     2 ||    16
 Cast: Necrotise         |    52 |    25 ||    77
       Vampiric Draining |     1 |     2 ||     3
  Use: Scroll            |       |     1 ||     1
       Potion            |       |     1 ||     1
Armor: Robe              |     5 |     4 ||     9
Dodge: Dodged            |    17 |    12 ||    29
